Map: 2000 Atmospheres LE

Players

Lilbow - Winner!

  • Race: Protoss Protoss

AqueroN

  • Race: Terran Terran

Event: DreamHack SC2 Masters 2021 Winter

VOD

Have the link to the VOD?

Description

Time

  • Played on: Oct. 5, 2021, 12:20 p.m.
  • Length: 12:36

All games in this series

Show
View Real Time Build Order
Export as new Build Order

Lilbow Protoss - Winner!

Build Orders: 1 Gate Expand, Blink Stalkers, Colossus Rush 

Get SALT Encoding   

  12  0:00  Probe  
  13  0:12  Probe  
  14  0:17  Pylon  
  14  0:24  Probe (Chrono Boost)  
  15  0:36  Gateway, Probe (Chrono Boost)  
  16  0:44  Probe (Chrono Boost)  
  16  0:46  Assimilator  
  17  0:51  Probe  
  18  1:03  Probe  
  19  1:15  Probe  
  20  1:23  Cybernetics Core  
  20  1:31  Nexus  
  20  1:34  Probe  
  21  1:41  Pylon  
  21  1:46  Probe  
  22  1:48  Assimilator  
  22  1:57  Adept (Chrono Boost)  
  22  1:58  Probe  
  25  2:05  Warp Gate  
  25  2:11  Probe (Chrono Boost)  
  26  2:19  Stalker  
  29  2:23  Probe (Chrono Boost)  
  29  2:28  Probe (Chrono Boost)  
  30  2:39  Twilight Council  
  30  2:40  Probe (Chrono Boost)  
  30  2:43  Probe (Chrono Boost)  
  33  2:52  Probe (Chrono Boost)  
  33  2:53  Probe (Chrono Boost)  
  33  2:57  Probe (Chrono Boost)  
  34  3:01  Probe  
  34  3:02  Gateway  
  36  3:09  Probe  
  36  3:10  Blink (Chrono Boost)  
  37  3:13  Probe  
  38  3:22  Probe, Shield Battery  
  38  3:25  Probe  
  40  3:27  Robotics Facility  
  40  3:34  Probe  
  41  3:35  Pylon  
  41  3:36  Assimilator  
  41  3:37  Probe  
  41  3:39  Shield Battery  
  42  3:46  Probe  
  43  3:49  Probe  
  43  3:52  Pylon  
  43  3:55  Stalker  
  46  3:56  Stalker  
  46  3:58  Probe  
  46  4:02  Probe  
  50  4:03  Assimilator  
  50  4:10  Probe  
  50  4:14  Probe, Pylon  
  50  4:15  Observer  
  53  4:19  Stalker x2  
  53  4:22  Probe  
  58  4:26  Probe  
  57  4:34  Probe  
  57  4:38  Observer, Nexus, Probe  
  60  4:46  Probe  
  60  4:47  Stalker x2  
  65  4:53  Probe  
  65  4:59  Robotics Bay  
  66  5:01  Forge  
  66  5:05  Observer, Probe x2  
  69  5:11  Charge, Forge  
  69  5:17  Probe  
  70  5:26  Shield Battery  
  70  5:33  Probe  
  70  5:35  Probe  
  67  5:45  Probe (Chrono Boost)  
  67  5:47  Probe (Chrono Boost)  
  67  5:49  Colossus (Chrono Boost)  
  69  5:52  Protoss Ground Armor Level 1 (Chrono Boost), Protoss Ground Weapons Level 1 (Chrono Boost)  
  69  5:57  Probe x2 (Chrono Boost)  
  78  5:58  Observer, Probe (Chrono Boost)  
  78  6:01  Stalker  
  82  6:04  Zealot  
  82  6:05  Probe x2 (Chrono Boost)  
  82  6:07  Probe (Chrono Boost)  
  85  6:11  Assimilator  
  85  6:12  Pylon  
  85  6:14  Extended Thermal Lance  
  85  6:17  Assimilator  
  85  6:20  Pylon  
  85  6:30  Gateway, Probe x3  
  85  6:32  Gateway  
  88  6:34  Gateway  
  88  6:37  Colossus (Chrono Boost)  
  88  6:40  Zealot  
  88  6:42  Probe x3, Sentry  
  101  6:56  Gateway  
  101  6:58  Pylon  
  101  6:59  Gateway  
  101  7:00  Probe  
  101  7:02  Pylon  
  101  7:15  Templar Archives  
  101  7:16  Probe x3  
  101  7:17  Pylon  
  101  7:20  Colossus (Chrono Boost)  
  110  7:26  Zealot x3  
  110  7:28  Probe  
  117  7:32  Pylon  
  117  7:35  Gateway, Probe x2  
  117  7:36  Gateway  
  119  7:39  Stalker x2  
  119  7:40  Probe  
  124  7:48  Stalker  
  124  7:50  Zealot x2  
  128  7:51  Protoss Ground Weapons Level 2 (Chrono Boost)  
  128  7:59  Pylon  
  128  8:02  Zealot x2  
  132  8:07  Pylon  
  132  8:09  Protoss Ground Armor Level 2 (Chrono Boost), Pylon  
  132  8:12  Pylon  
  132  8:16  Disruptor  
  135  8:31  Nexus  
  131  8:40  Probe  
  132  8:41  Observer  
  132  8:42  Nexus  
  132  8:44  Pylon  
  132  8:51  Stalker x3  
  132  8:52  Zealot x4  
  132  8:53  Zealot x2  
  153  8:58  Photon Cannon  
  153  9:00  Photon Cannon  
  151  9:06  Observer (Chrono Boost)  
  149  9:11  Shield Battery  
  149  9:14  Shield Battery  
  139  9:19  Zealot x4  
  139  9:20  Zealot x4  
  139  9:21  Stalker  
  132  9:32  Disruptor (Chrono Boost)  
  135  9:49  Stalker x9  
  145  10:14  High Templar x4  
  145  10:15  High Templar x4  
  145  10:16  Zealot  
  145  10:17  Warp Prism  
  145  10:19  Archon x3  
  145  10:20  Archon  
  165  10:29  Probe x4  
  165  10:35  Assimilator  
  169  10:39  Assimilator  
  169  10:41  Probe  
  170  10:48  Zealot x2, High Templar x2  
  170  10:49  Zealot x5  
  188  10:52  Archon, Pylon  
  188  10:53  Pylon  
  178  11:20  Stalker  
  178  11:21  Stalker x2  
  178  11:24  Zealot x3  
  178  11:25  Zealot x2  
  175  11:31  Probe  
  174  11:35  Stalker  
  167  11:50  Stalker x3  
  167  11:51  Probe  
  167  11:53  Zealot x2  
  167  11:54  Zealot x2  
  178  11:56  Probe  
  178  11:58  Probe x2  
  179  12:03  Probe  
  176  12:18  Zealot x9  
  144  12:32  Robotics Facility  
Show
View Real Time Build Order
Export as new Build Order

AqueroN Terran 

Build Orders:  

Get SALT Encoding   

  12  0:00  SCV  
  13  0:12  SCV  
  14  0:17  Supply Depot  
  14  0:24  SCV  
  15  0:39  SCV  
  15  0:40  Barracks  
  16  0:43  Refinery  
  16  0:51  SCV  
  17  1:03  SCV  
  18  1:15  SCV  
  19  1:27  Orbital Command  
  20  1:33  Barracks Reactor  
  19  1:41  Command Center  
  19  1:49  Supply Depot  
  19  1:53  SCV  
  20  2:05  SCV  
  21  2:10  Marine  
  21  2:11  Marine  
  21  2:15  Factory  
  23  2:17  SCV  
  24  2:28  Marine x2  
  24  2:29  SCV  
  27  2:41  SCV, Refinery  
  28  2:46  Marine x2  
  30  2:53  SCV  
  30  2:54  Orbital Command  
  31  2:59  Hellion  
  31  3:00  Starport  
  33  3:05  Marine  
  33  3:06  SCV, Marine  
  36  3:18  SCV, Bunker  
  37  3:21  Hellion  
  37  3:26  Supply Depot  
  39  3:29  Marine  
  39  3:31  Marine  
  42  3:34  SCV  
  42  3:38  Medivac  
  44  3:42  Hellion  
  44  3:48  SCV x2  
  48  3:49  Supply Depot  
  48  3:53  Marine  
  48  3:54  Marine  
  50  3:59  Barracks  
  50  4:01  SCV  
  51  4:03  SCV  
  52  4:13  SCV, Marine x2  
  52  4:15  SCV  
  56  4:19  Supply Depot  
  55  4:32  SCV x2, Marine x2  
  55  4:37  Supply Depot, Barracks  
  59  4:44  SCV x2  
  61  4:50  Marine x2  
  61  4:51  Barracks Tech Lab  
  63  4:57  SCV x2  
  63  4:58  Command Center  
  65  5:06  Supply Depot  
  65  5:08  Marine x2  
  65  5:10  Engineering Bay  
  65  5:11  SCV  
  65  5:12  SCV, Engineering Bay  
  69  5:14  Stimpack  
  69  5:18  Marauder  
  71  5:23  SCV, Refinery  
  71  5:24  SCV  
  71  5:35  SCV  
  71  5:38  Barracks Tech Lab, Marine x2  
  71  5:39  Marauder  
  71  5:40  Terran Infantry Weapons Level 1, Terran Infantry Armor Level 1  
  71  5:41  SCV  
  71  5:43  Factory Reactor  
  71  5:45  Starport Reactor  
  71  5:48  SCV  
  72  5:53  SCV  
  73  5:59  Marauder  
  73  6:00  SCV, Marine, Barracks  
  73  6:01  Marauder, Marine, Barracks  
  80  6:06  SCV, Combat Shield  
  81  6:11  Supply Depot  
  81  6:12  Orbital Command  
  81  6:19  Marine x2  
  81  6:21  SCV x2, Medivac  
  81  6:24  Medivac  
  91  6:25  Widow Mine  
  91  6:28  Widow Mine  
  93  6:33  SCV x2  
  93  6:36  Marauder x2, Orbital Command  
  99  6:45  SCV x2  
  99  6:46  Refinery  
  101  6:47  Armory  
  101  6:48  Supply Depot  
  101  6:51  Widow Mine x2  
  101  6:53  Barracks Tech Lab  
  107  7:01  Marauder  
  107  7:02  Marauder, Barracks Reactor  
  107  7:07  Bunker  
  109  7:09  Marine x2  
  109  7:10  SCV x3  
  109  7:13  Concussive Shells  
  114  7:16  Supply Depot  
  114  7:19  Starport  
  114  7:25  Marauder  
  114  7:29  SCV  
  117  7:37  Terran Infantry Weapons Level 2, Terran Infantry Armor Level 2  
  117  7:38  Marauder x2, SCV  
  117  7:41  Supply Depot  
  117  7:42  Supply Depot  
  117  7:43  SCV x2  
  124  7:45  Marine x2  
  124  7:46  Refinery x2, Marine  
  124  7:47  Marauder  
  124  7:48  Marine  
  124  7:50  SCV  
  131  8:01  Medivac  
  131  8:02  Ghost Academy  
  131  8:03  Medivac  
  131  8:04  SCV  
  131  8:05  SCV x2  
  138  8:09  Marauder x2, Marine  
  138  8:10  Marine x3  
  146  8:16  Supply Depot  
  146  8:17  Supply Depot x2  
  146  8:23  Viking  
  146  8:25  SCV  
  149  8:27  SCV  
  149  8:38  SCV, Viking, Marine x4  
  74  8:41  Viking x2  
  155  8:42  Enhanced Shockwaves  
  155  8:45  Terran Ship Weapons Level 1  
  159  8:52  Marauder x3  
  165  9:03  Marine  
  165  9:04  Marine x3  
  165  9:06  Command Center  
  165  9:19  Fusion Core  
  154  9:28  Marauder x3  
  137  9:34  Marine x4  
  137  9:35  Liberator x2  
  141  9:40  Viking x2  
  141  9:49  Marauder  
  141  9:50  Marauder x2  
  136  9:57  Marine x4  
  127  10:10  Liberator  
  127  10:11  Marauder x3  
  127  10:12  Medivac  
  130  10:19  Command Center  
  130  10:20  Sensor Tower  
  130  10:22  Medivac  
  130  10:23  Marine x4  
  136  10:32  Marauder x3  
  136  10:33  SCV x3  
  136  10:34  Viking  
  147  10:41  Barracks  
  147  10:42  Viking, Barracks  
  149  10:45  Missile Turret  
  149  10:54  Marauder x3  
  149  10:55  Barracks  
  155  10:59  Marine x4  
  155  11:01  Medivac x2  
  163  11:07  Supply Depot x2  
  163  11:12  Viking  
  163  11:15  Marauder x2  
  120  11:28  Ghost  
  120  11:30  Marine x6  
  124  11:36  Ghost  
  120  11:47  Marine x2  
  113  11:56  Marine  
  113  11:57  Marine x2  
  113  11:58  Marauder  
  113  12:01  Marine x2  
  118  12:03  Viking  
  118  12:05  Marauder x2  

Tags
 
Add a new tag
Caveats
  • Supply blocks, unpowered buildings, or Contaminate may cause inaccurate times.
  • Supply counts are checked every 10 seconds.